 Dungeon Crawl Stone Soup version 0.29.1-1-gd02db6906a (webtiles) character file.

Game seed: 6311798294128349532

28 lonewolfV2 the Trooper (level 3, -4/20 (33) HPs)
             Began as a Hill Orc Fighter on Oct 18, 2022.
             Succumbed to a gnoll's curare-tipped dart
             ... on level 2 of the Dungeon.
             The game lasted 00:02:03 (1254 turns).

lonewolfV2 the Trooper (Hill Orc Fighter)           Turns: 1254, Time: 00:02:03

HP:   -4/20 (33)    AC: 10    Str: 20    XL:     3   Next: 14%
MP:   3/3           EV:  9    Int:  8    God:
Gold: 38            SH:  4    Dex: 10    Spells: 2/2 levels left

rFire   . . .      SeeInvis .   a - +0 war axe
rCold   . . .      Faith    .   c - +0 buckler
rNeg    . . .      Spirit   .   b - +0 scale mail
rPois   .          Reflect  .   (no helmet)
rElec   .          Harm     .   i - scarf {+Inv}
rCorr   .          Rampage  .   (no gloves)
Will    .....                   h - +2 pair of boots
Stlth   ..........              (no amulet)
HPRegen 0.06/turn               (no ring)
MPRegen 0.08/turn               (no ring)

@: lethally poisoned (-4 -> -24), slowed, very heavily drained, very slow
A: no striking features
a: Evoke Invisibility


You were on level 2 of the Dungeon.
You visited 1 branch of the dungeon, and saw 2 of its levels.

You collected 38 gold pieces.

Inventory:

Hand Weapons
 a - a +0 war axe (weapon)
Armour
 b - a +0 scale mail (worn)
 c - a +0 buckler (worn)
 h - a +2 pair of boots (worn)
 i - a scarf of invisibility (worn)
Scrolls
 f - a scroll of blinking {unknown}
 g - a scroll of summoning {unknown}
 j - a scroll of fog {unknown}
Potions
 d - a potion of might
 e - a potion of berserk rage {unknown}


   Skills:
 * Level 4.3 Fighting
 + Level 3.2 Axes
 + Level 3.6 Armour
 + Level 3.5 Shields


You had 2 spell levels left.
You didn't know any spells.
Your spell library contained the following spells:

 Spells                   Type           Power      Damage    Failure   Level
 Sandblast                Erth           0%         2d4       85%         1
 Passwall                 Tmut/Erth      0%         N/A       94%         2
 Stone Arrow              Conj/Erth      0%         3d7       99%         3
 Vampiric Draining        Necr           0%         2d6       99%         3
 Corpse Rot               Necr/Pois/Air  0%         N/A       100%        4
 Dispel Undead            Necr           0%         3d6       100%        4
 Death's Door             Necr           0%         N/A       100%        9


Dungeon Overview and Level Annotations

Branches:
Dungeon (2/15)

Altars:

Shops:
D:1 =


Message History

You closely miss the hobgoblin.
The hobgoblin is moderately wounded.
The hobgoblin hits you but does no damage. x2
You hit the hobgoblin.
The hobgoblin is almost dead.
The hobgoblin hits you but does no damage.
You closely miss the hobgoblin.
The hobgoblin is almost dead.
The hobgoblin hits you but does no damage.
You slash the hobgoblin!
You kill the hobgoblin!
j - a scroll labelled MURECA SYMPUIZ
Things that are here:
a +0 spear; a hobgoblin corpse You start resting.
HP restored.
You start waiting.
Done waiting.
You start waiting.
You start waiting.
A gnoll comes into view. It is wielding a +0 club.
A gnoll is nearby!
The gnoll shouts!
You hear a shout!
A gnoll comes into view.
It is wielding a +0 flail and quivering curare-tipped darts.
The gnoll shouts!
A gnoll comes into view. It is wielding a +0 battleaxe.
The gnoll shouts!
A gnoll comes into view. It is wielding a +0 spear.
The gnoll shouts!
The gnoll barely misses you.
The gnoll throws a curare-tipped dart.
The curare-tipped dart hits you.
You are poisoned.
You have difficulty breathing.
You feel yourself slow down.
You feel very sick.
The gnoll throws a curare-tipped dart.
The curare-tipped dart hits you.
You are lethally poisoned!
You have difficulty breathing.
* * * LOW HITPOINT WARNING * * *
You feel as though you will be slow longer.
You die...

##..............
#.$........>.......
#.................. .
#... #...............
... #.......g.gg....
#.##.).............
#..)...............
###..).......##.....#
#..........g.@.......
###........##########
#........# #....<<..#
#........# #........#
#........# #..>.....#
##########


You could see a gnoll.

Vanquished Creatures
  3 dart slugs (D:1)
  A bat (D:2)
  An endoplasm (D:1)
  A giant cockroach (D:1)
  2 goblins
  A hobgoblin (D:2)
  3 kobolds
  3 quokkas (D:1)
  3 ball pythons (D:1)
  2 frilled lizards (D:1)
  2 rats (D:1)
22 creatures vanquished.

Vanquished Creatures (others)
  2 plants (D:1)
2 creatures vanquished.

Grand Total: 24 creatures vanquished

Notes
Turn   | Place    | Note
-------+----------+-------------------------------------------
     0 | D:1      | lonewolfV2 the Hill Orc Fighter began the quest for the
                  | Orb.
     0 | D:1      | Reached XP level 1. HP: 19/19 MP: 1/1
    15 | D:1      | Found Puarello's Jewellery Boutique.
    47 | D:1      | Got the Dissertation on the Dead
    52 | D:1      | Found a faded altar of an unknown god.
   305 | D:1      | Reached XP level 2. HP: 27/27 MP: 2/2
   309 | D:1      | Reached skill level 4 in Fighting
   640 | D:1      | Reached XP level 3. HP: 33/33 MP: 3/3
  1254 | D:2      | Succumbed to a gnoll's curare-tipped dart

Illustrated notes

Levels and vault maps discovered:
D:1:      grunt_arrival_lava_bath, layout_rooms, nicolae_ecumenical_lake_church,
          serial_shops, shop_statue, serial_bayou_pond_a
D:2:      layout_rooms, basic_altar, uniq_jessica

Skill      XL: |  1  2 |
---------------+-------+-----
Fighting       | 4 |  4.3
Axes           | 3 |  3.2
Armour         | |  3.6
Shields        | |  3.5

Action                   || total
-------------------------++-------
Melee: War axe           ||    58
 Abil: Evoke Invisibilit ||     1
Armor: Scale mail        ||    45
Dodge: Dodged            ||    26
Block: Buckler           ||    11
